 Dungeon Crawl Stone Soup version 0.26-a0-667-g92642533e4 (webtiles) character file.

Game seed: 14430467678322000919

349776 miscthings the Imperceptible (level 23, -1/143 HPs)
             Began as a Kobold Berserker on Oct 16, 2020.
             Was the Champion of Trog.
             Killed from afar by an acid blob (24 damage)
             ... with an exploding inner flame
             ... hexed by the player character
             ... on level 5 of the Pits of Slime.
             The game lasted 01:33:45 (39630 turns).

miscthings the Imperceptible (Kobold Berserker)    Turns: 39630, Time: 01:33:46

Health: -1/143     AC: 27    Str: 15    XL:     23   Next: 21%
Magic:  21/21      EV: 33    Int: 15    God:    Trog [******]
Gold:   2365       SH: 16    Dex: 22    Spells: 22/22 levels left

rFire    + . .     SeeInvis +   Q - +9 quick blade (elec)
rCold    + + +     Faith    .   A - +2 buckler of Videhyev {rF- rC++ Dex+5}
rNeg     + . .     Spirit   .   y - +5 faerie dragon scales {rCorr Stlth+}
rPois    +         Reflect  +   x - +2 helmet {SInv}
rElec    +         Harm     +   U - +2 cloak {MR+}
rCorr    +         Rampage  .   Y - +2 pair of gloves {archery}
MR       ++++.                  q - +1 pair of boots of the Kangaroo {Harm rPois rF+}
Stlth    ++++++++++             G - amulet of reflection
HPRegen  1.33/turn              H - ring of Gaurphuc {rN+ Slay+4}
MPRegen  0.17/turn              E - ring of Shadows {Umbra +Inv Stlth+}

@: resistant, regenerating, wreathed by umbra
A: small, icy blue scales 1, cold resistance 1, frail 1, low mp 1, nightstalker
3
}: 2/15 runes: decaying, gossamer
a: Berserk, Trog's Hand, Brothers in Arms, Renounce Religion, Evoke Invisibility


You were on level 5 of the Pits of Slime.
You worshipped Trog.
Trog was exalted by your worship.
You visited 8 branches of the dungeon, and saw 42 of its levels.

You collected 5350 gold pieces.
You spent 2985 gold pieces at shops.

Inventory:

Hand Weapons
 e - the +6 short sword "Ylirr" {vorpal, rN+ SInv}
   (Trog gifted it to you on level 2 of the Orcish Mines)

   It inflicts extra damage upon your enemies.
   It protects you from negative energy.
   It lets you see invisible.
 i - a +2 hand crossbow of freezing
 Q - a +9 quick blade of electrocution (weapon)
Missiles
 l - 2 throwing nets (quivered)
 v - 897 bolts
Armour
 q - the +1 pair of boots of the Kangaroo (worn) {Harm rPois rF+}
   (You found it on level 4 of the Swamp)

   It protects you from fire.
   It protects you from poison.
   It increases damage dealt and taken.
 x - a +2 helmet of see invisible (worn)
 y - the +5 faerie dragon scales (worn) {rCorr Stlth+}
   (You took it off the Enchantress on level 1 of the Depths)

   It provides partial protection from all sources of acid and corrosion.
   It makes you more stealthy.
 A - the +2 buckler of Videhyev (worn) {rF- rC++ Dex+5}
   (You acquired it on level 15 of the Dungeon)

   It affects your dexterity (+5).
   It makes you vulnerable to fire.
   It greatly protects you from cold.
 U - a +2 cloak of magic resistance (worn)
 Y - a +2 pair of gloves of archery (worn)
Jewellery
 E - the ring of Shadows (right hand) {Umbra +Inv Stlth+}
   (You bought it in a shop on level 11 of the Dungeon)

   [ring of stealth]

   It lets you turn invisible.
   It makes you more stealthy.
 G - an amulet of reflection (around neck)
 H - the ring of Gaurphuc (left hand) {rN+ Slay+4}
   (You bought it in a shop on level 11 of the Dungeon)

   [ring of slaying]

   It affects your accuracy and damage with ranged weapons and melee attacks
   (+4).
   It protects you from negative energy.
 V - an uncursed ring of fire
Wands
 D - a wand of digging (6)
 J - a wand of disintegration (49)
 R - a wand of acid (37)
 T - a wand of paralysis (30)
 W - a wand of iceblast (26)
Scrolls
 b - 9 scrolls of fear
 f - 10 scrolls of teleportation
 g - 21 scrolls of remove curse
 h - 11 scrolls of magic mapping
 s - a scroll of fog
 u - 5 scrolls of vulnerability
 w - 8 scrolls of immolation
 B - 3 scrolls of blinking
 K - 3 scrolls of silence
 N - 15 scrolls of identify {@r1}
 S - a scroll of holy word
Potions
 a - 5 potions of lignification
 c - 15 potions of curing
 d - 5 potions of brilliance
 k - 5 potions of might
 m - a potion of magic
 n - 13 potions of heal wounds
 o - 3 potions of cancellation
 r - 4 potions of haste
 t - 5 potions of invisibility
 z - 3 potions of stabbing
 F - 5 potions of resistance
 M - 9 potions of ambrosia
 O - 2 potions of mutation
 X - 4 potions of flight
Miscellaneous
 j - a phial of floods
 C - a box of beasts (3/3)
 Z - a condenser vane (2/2)


   Skills:
 + Level 20.8 Fighting
 * Level 15.2 Short Blades
 - Level 12.0 Crossbows
 - Level 5.0 Throwing
 - Level 8.0 Armour
 + Level 20.4 Dodging
 + Level 23.2 Stealth
 - Level 11.7 Shields
 - Level 0.4 Spellcasting
 - Level 14.0 Evocations


You had 22 spell levels left.
You didn't know any spells.
Your spell library contained the following spells:

 Spells                   Type           Power        Failure   Level
 Apportation              Tloc           #.....       34%         1
 Magic Dart               Conj           #...         34%         1
 Shock                    Conj/Air       #...         34%         1
 Summon Small Mammal      Summ           #...         34%         1
 Call Imp                 Summ           #.......     45%         2
 Corpse Rot               Necr/Air       N/A          45%         2
 Searing Ray              Conj           #.....       45%         2
 Sublimation of Blood     Necr           #.........   45%         2
 Swiftness                Air            #.......     45%         2
 Call Canine Familiar     Summ           #.......     71%         3
 Confusing Touch          Hex            #.......     71%         3
 Dazzling Flash           Conj/Hex       #.....       71%         3
 Gell's Gravitas          Tloc           #.........   71%         3
 Lesser Beckoning         Tloc           #.........   71%         3
 Mephitic Cloud           Conj/Pois/Air  #.......     71%         3
 Static Discharge         Conj/Air       #.......     71%         3
 Summon Guardian Golem    Hex/Summ       #.......     71%         3
 Tukima's Dance           Hex            #.......     71%         3
 Airstrike                Air            #.........   98%         4
 Dispel Undead            Necr           #.......     98%         4
 Fulminant Prism          Conj/Hex       #.........   98%         4
 Iskenderun's Mystic Bla  Conj/Tloc      #.......     98%         4
 Leda's Liquefaction      Hex/Erth       #.........   98%         4
 Petrify                  Tmut/Erth      #.......     98%         4
 Summon Ice Beast         Ice/Summ       #.......     98%         4
 Summon Lightning Spire   Summ/Air       #.......     98%         4
 Agony                    Necr           #.......     100%        5
 Alistair's Intoxication  Tmut/Pois      #........    100%        5
 Bolt of Magma            Conj/Fire/Erth #.........   100%        5
 Excruciating Wounds      Necr           #.........   100%        5
 Lightning Bolt           Conj/Air       #.........   100%        5
 Metabolic Englaciation   Hex/Ice        #.........   100%        5
 Summon Demon             Summ           #.........   100%        5
 Yara's Violent Unravell  Hex/Tmut       #.........   100%        5
 Invisibility             Hex            #.......     100%        6
 Iron Shot                Conj/Erth      #.........   100%        6
 Shadow Creatures         Summ           N/A          100%        6
 Statue Form              Tmut/Erth      #........    100%        6
 Shatter                  Erth           #.........   100%        9


Dungeon Overview and Level Annotations

Branches:
Dungeon (15/15)            Temple (1/1) D:6            Lair (6/6) D:11
  Swamp (4/4) Lair:3       Spider (4/4) Lair:3        Slime (5/5) Lair:5
    Orc (2/2) D:12            Elf (0/3) Orc:2        Vaults (0/5) D:14
 Depths (5/5) D:15            Zot (0/5) Depths:5

Altars:
Ashenzari
Cheibriados
Dithmenos
Elyvilon
Fedhas
Gozag
Hepliaklqana
Kikubaaqudgha
Makhleb
Nemelex Xobeh
Okawaru
Qazlal
Ru
Sif Muna
Trog
Uskayaw
Vehumet
Wu Jian
Xom
Zin
The Shining One
Beogh
Jiyva

Shops:
D:5 *   D:10 (   D:11 *?=*   D:15 }   Orc:2 ((?:   Depths:1 }=}   Depths:2 :
Depths:3 [

Portals:
Hell: Depths:1 Depths:2 Depths:3 Depths:4 Depths:5
Abyss: Depths:4 Depths:5
Pandemonium: Depths:3 Depths:4 Depths:5
Ziggurat: Depths:2


Innate Abilities, Weirdness & Mutations

You are small and have problems with some larger weapons.
You are completely attuned to the shadows.
You are partially covered in icy blue scales. (AC +2)
Your flesh is cold resistant. (rC+)
You are frail. (-10% HP)
Your magical capacity is low. (-10% MP)


Message History

The fiery explosion engulfs the acid blob!!!
Flame seeps out of the acid blob.
The acid blob is heavily wounded.
The fiery explosion engulfs you. You resist.
* * * LOW HITPOINT WARNING * * *
The fiery explosion engulfs the azure jelly!!
The azure jelly is burned terribly!
The azure jelly explodes!
The fiery explosion engulfs the acid blob!!
Flame seeps out of the acid blob.
The acid blob is almost dead.
The fiery explosion engulfs the death ooze!!!
The death ooze explodes!
The fiery explosion engulfs the azure jelly!!!
The azure jelly is burned terribly!
Flame seeps out of the azure jelly.
The azure jelly is severely wounded.
The fiery explosion engulfs the acid blob!!
The acid blob explodes!
The fiery explosion engulfs you!! You resist.
You die...

..........###...#
.........# ##.##
......### #..#
... / ##.# $: ..
)(##..##$}
φ=$....):}
|$.§§§§§[:
?.)J§○§§.)
..JJ@§§§.#
J.JJJ§§§.#
..JJJJJ...
...JGJ...#
(.:....).


You could see 7 acid blobs, 4 azure jellies, 3 death oozes and an eye of
draining (inner flame).

Vanquished Creatures
  the Royal Jelly (Slime:5)
  Mara (Swamp:3)
  An ancient lich (Depths:3)
  A juggernaut (Depths:5)
  Margery (Depths:1)
  2 caustic shrikes
  A golden dragon (Depths:4)
  the Enchantress (Depths:1)
  Arachne (Spider:4)
  A tentacled monstrosity (Depths:2)
  Rupert (Lair:6)
  A titan (Depths:3)
  7 acid blobs
  A sphinx (Depths:1)
  The ghost of Demosthentine the Fighter, an adept FoFi of Cheibriados (Swamp:2)
  3 thorn hunters (Swamp:4)
  A tengu reaver (Depths:3)
  6 shadow dragons
  3 fire giants
  Donald (Spider:1)
  Roxanne (Swamp:4)
  A deep elf sorcerer (Depths:5)
  A draconian knight (Depths:5)
  Louise (Spider:1)
  7 frost giants
  4 emperor scorpions
  3 ghost moths
  11 stone giants
  5 spriggan defenders
  6 very ugly things
  6 entropy weavers
  A green draconian (Depths:5)
  A deep elf demonologist (Depths:5)
  A black draconian (Depths:5)
  12 vampire knights
  3 purple draconians (Depths:5)
  A yellow draconian (Depths:5)
  A white draconian (Depths:5)
  The ghost of Deed the Peltast, a journeyman MiFi of Wu Jian (Lair:3)
  2 red draconians (Depths:5)
  5 spark wasps
  A merfolk impaler (Depths:5)
  A death ooze (Slime:5)
  3 yaktaur captains
  5 fire dragons
  A deep elf high priest (Depths:3)
  2 great orbs of eyes (Depths:4)
  8 ettins
  3 ogre magi
  2 rakshasas
  Josephine (Lair:6)
  Erolcha (Orc:2)
  11 hydras
  11 ice dragons
  7 spriggan air magi
  A ghost crab (Swamp:4)
  4 boulder beetles
  2 catoblepae (Lair:2)
  A shambling mangrove (Swamp:4)
  A death knight (D:11)
  2 dancing weapons (D:14)
  A queen ant (Spider:2)
  6 centaur warriors
  12 two-headed ogres
  6 tengu warriors
  6 deep troll earth magi
  15 alligators
  The ghost of Riny the Covert, a journeyman SpEn of Ashenzari (Lair:3)
  3 vampire magi
  4 deep troll shamans
  11 spriggan berserkers
  A soul eater (Depths:3)
  A salamander mystic (Depths:2)
  A sun demon (D:15)
  3 hell knights (Depths:1)
  4 iron trolls
  A swamp dragon (Swamp:1)
  4 unseen horrors
  A torturous demonspawn (Depths:3)
  A spriggan druid (Swamp:4)
  15 deep trolls
  4 skeletal warriors (Depths:3)
  3 flayed ghosts
  3 glowing orange brains
  2 phantasmal warriors (Depths:2)
  2 wizards
  A necromancer (Depths:1)
  20 wolf spiders
  4 orc knights
  17 orb spiders
  A wolf spider zombie (D:15)
  A stone giant zombie (Depths:3)
  11 orc sorcerers (Orc:2)
  4 shining eyes
  2 salamanders (Depths:2)
  5 deep elf magi (Depths:3)
  A manticore (D:14)
  4 oklob plants (Lair:5)
  28 ugly things
  3 cyclopes
  3 moths of wrath
  A manticore (shapeshifter) (Depths:3)
  Maurice (D:10)
  6 black mambas
  A black mamba (shapeshifter) (Depths:5)
  11 elephants
  3 torpor snails
  34 cane toads
  4 rime drakes
  4 freezing wraiths (Swamp:4)
  9 komodo dragons
  24 yaktaurs
  A tormentor (Depths:3)
  4 tengu conjurers
  An ice devil (D:15)
  13 demonic crawlers
  3 meliai (D:15)
  A queen bee (D:15)
  A meliai (shapeshifter) (Depths:4)
  A polar bear (Lair:6)
  18 jumping spiders
  22 hornets
  5 trolls
  13 tyrant leeches
  21 blink frogs
  29 slime creatures
  5 bog bodies
  Sigmund (D:2)
  4 dream sheep (Lair:4)
  57 redbacks
  18 water elementals
  A redback (shapeshifter) (Depths:3)
  A spriggan (shapeshifter) (Depths:5)
  72 yaks
  11 spriggans
  A wyvern (D:15)
  6 wraiths
  5 basilisks
  A ynoxinul (Depths:3)
  29 tarantellas
  A golden eye (shapeshifter) (Depths:2)
  A chaos spawn (Depths:3)
  A neqoxec (Depths:3)
  26 vampire mosquitoes
  3 swamp worm simulacra (Swamp:4)
  13 insubstantial wisps
  22 swamp worms
  15 hydra simulacra (Swamp:4)
  3 soldier ants
  12 water moccasins
  An acid dragon (D:14)
  7 swamp drakes
  28 orc warriors
  3 sky beasts
  4 ice beasts
  A black bear (D:8)
  An eye of draining (D:10)
  5 boggarts
  4 phantoms
  11 wolves
  11 ogres
  8 centaurs
  2 big kobolds
  A gnoll sergeant (D:9)
  27 bullfrogs
  2 scorpions
  23 wights
  16 killer bees (D:15)
  An electric eel (Lair:6)
  3 howler monkeys
  5 crimson imps
  A bullfrog zombie (D:12)
  5 centaur zombies
  4 hounds
  A quasit (D:6)
  24 orc priests
  3 jellies
  34 orc wizards
  A bullfrog skeleton (D:9)
  3 centaur skeletons
  2 iguanas
  Jessica (D:3)
  20 worker ants
  5 hell rats (Lair:4)
  16 adders
  11 gnolls
  6 white imps
  An ufetubus (D:10)
  2 oozes
  5 swamp drake simulacra (Swamp:4)
  An adder zombie (D:9)
  5 worms
  4 dart slugs
  7 leopard geckos
  92 orcs
  3 giant cockroaches
  12 goblins
  6 hobgoblins
  21 jackals
  18 kobolds
  5 quokkas
  2 ball pythons
  8 bats
  7 frilled lizards
  A giant cockroach zombie (D:5)
  A jackal zombie (D:7)
  8 rats
  A bush (Depths:2)
1445 creatures vanquished.

Vanquished Creatures (collateral kills)
  2 golden dragons (Depths:5)
  The ghost of Foabaekk the Unseen, a journeyman GrMo of Gozag (Lair:3)
  2 very ugly things (Depths:5)
  A green draconian (Depths:5)
  The ghost of Ruicvywi the Grappler, a journeyman OgTm of Okawaru (Lair:3)
  A deep troll shaman (Depths:2)
  4 deep trolls (Depths:5)
  2 orc sorcerers (Orc:2)
  A water elemental (Depths:5)
  An ogre (Orc:2)
  2 orc wizards (Orc:2)
18 creatures vanquished.

Vanquished Creatures (others)
  2 yaktaurs
  A tyrant leech (Swamp:4)
  A water elemental (Depths:1)
  A bullfrog (D:15)
  An orc wizard (D:12)
  An orc (Orc:2)
  43 bushes (Depths:2)
  19 fungi
  116 plants
  2 withered plants (Lair:3)
187 creatures vanquished.

Grand Total: 1650 creatures vanquished

Notes
Turn   | Place    | Note
-------+----------+-------------------------------------------
     0 | D:1      | miscthings the Kobold Berserker began the quest for the
                  | Orb.
     0 | D:1      | Reached XP level 1. HP: 14/14 MP: 1/1
   145 | D:1      | Reached XP level 2. HP: 19/19 MP: 2/2
   280 | D:1      | Reached skill level 5 in Short Blades
   362 | D:1      | Reached XP level 3. HP: 15/23 MP: 3/3
  1115 | D:2      | Reached ** piety under Trog
  1129 | D:2      | Reached XP level 4. HP: 28/28 MP: 4/4
  1633 | D:2      | Reached XP level 5. HP: 32/32 MP: 5/5
  1944 | D:2      | Noticed Sigmund
  1950 | D:2      | Killed Sigmund
  1950 | D:2      | Reached XP level 6. HP: 37/37 MP: 6/6
  2111 | D:2      | Found a blossoming altar of Fedhas.
  2394 | D:3      | Noticed Jessica
  2398 | D:3      | Killed Jessica
  2407 | D:3      | Reached XP level 7. HP: 41/41 MP: 7/7
  2423 | D:3      | Found an opulent altar of Gozag.
  2463 | D:3      | Reached *** piety under Trog
  2710 | D:3      | Reached skill level 1 in Stealth
  3703 | D:5      | Entered Level 5 of the Dungeon
  4005 | D:5      | Reached skill level 10 in Short Blades
  4005 | D:5      | Reached skill level 2 in Stealth
  4114 | D:5      | Found Meqer's Assorted Antiques.
  4127 | D:5      | Bought a scroll labeled JERHOEVVEEG for 15 gold pieces
  4127 | D:5      | Bought a fluorescent wand for 60 gold pieces
  4127 | D:5      | Bought a knobbly granite ring for 75 gold pieces
  4271 | D:5      | Reached skill level 3 in Stealth
  4271 | D:5      | Reached XP level 8. HP: 48/48 MP: 8/8
  4454 | D:5      | Found a shimmering blue altar of Sif Muna.
  4818 | D:6      | Found a white marble altar of Elyvilon.
  4832 | D:6      | Found a staircase to the Ecumenical Temple.
  4891 | Temple   | Entered the Ecumenical Temple
  5069 | D:6      | Reached **** piety under Trog
  5168 | D:6      | Found a broken altar of Ashenzari.
  5341 | D:6      | Found a shadowy altar of Dithmenos.
  5393 | D:6      | Reached skill level 4 in Stealth
  5497 | D:6      | Reached skill level 5 in Fighting
  5630 | D:6      | Found a hide-covered altar of Uskayaw.
  5783 | D:6      | Reached XP level 9. HP: 54/54 MP: 9/9
  5917 | D:7      | Reached skill level 5 in Dodging
  5917 | D:7      | Reached skill level 5 in Stealth
  6152 | D:7      | Reached skill level 6 in Stealth
  6275 | D:7      | Reached ***** piety under Trog
  6695 | D:8      | Reached skill level 7 in Stealth
  6861 | D:8      | Reached XP level 10. HP: 54/61 MP: 7/10
  7153 | D:8      | Reached skill level 8 in Stealth
  7323 | D:8      | Found a hazy altar of Hepliaklqana.
  7477 | D:8      | Found an iron altar of Okawaru.
  7585 | D:8      | Found a bloodstained altar of Trog.
  7943 | D:9      | Received a gift from Trog
  7962 | D:9      | Reached skill level 9 in Stealth
  7998 | D:9      | Killed an unseen horror
  8479 | D:9      | Found a shimmering altar of Xom.
  8479 | D:9      | Found a shimmering altar of Xom.
  8480 | D:9      | Found a shimmering altar of Xom.
  8482 | D:9      | Found a shimmering altar of Xom.
  8769 | D:10     | Entered Level 10 of the Dungeon
  8773 | D:10     | Reached skill level 1 in Shields
  8869 | D:10     | Reached skill level 10 in Stealth
  8879 | D:10     | Reached XP level 11. HP: 69/69 MP: 11/11
  8968 | D:10     | Found Larhurch's Antique Weapon Emporium.
  9093 | D:10     | Bought an ichor-stained long sword for 280 gold pieces
  9093 | D:10     | Identified the +6 long sword of Niluc {vorpal, rElec rPois
                  | rF+} (You bought it in a shop on level 10 of the Dungeon)
  9211 | D:10     | Noticed Maurice
  9214 | D:10     | Killed Maurice
  9385 | D:11     | Noticed a death knight
  9386 | D:11     | Killed a death knight
  9493 | D:11     | Found Wetoojote's General Store.
  9498 | D:11     | Bought a scroll of identify for 26 gold pieces
  9523 | D:11     | Reached skill level 11 in Stealth
  9632 | D:11     | Found Leung's Jewellery Emporium.
  9641 | D:11     | Killed an unseen horror
  9641 | D:11     | Reached skill level 10 in Dodging
  9641 | D:11     | Reached skill level 5 in Shields
  9730 | D:11     | Found Wook's Assorted Antiques.
  9902 | D:11     | Noticed a two-headed ogre
  9905 | D:11     | Killed a two-headed ogre
 10038 | D:11     | Found Keused's Magic Scroll Shop.
 10092 | D:11     | Found a staircase to the Lair.
 10217 | D:12     | Noticed a two-headed ogre
 10221 | D:12     | Killed a two-headed ogre
 10221 | D:12     | Reached skill level 1 in Evocations
 10221 | D:12     | Reached XP level 12. HP: 77/77 MP: 12/12
 10402 | D:12     | Received a gift from Trog
 10402 | D:12     | Reached skill level 10 in Fighting
 10519 | D:12     | Reached skill level 12 in Stealth
 10743 | D:12     | Noticed a two-headed ogre
 10749 | D:12     | Killed a two-headed ogre
 10976 | D:12     | Found a roughly hewn altar of Beogh.
 11058 | D:12     | Found a staircase to the Orcish Mines.
 11212 | Lair:1   | Entered Level 1 of the Lair of Beasts
 11609 | Lair:1   | Reached skill level 5 in Evocations
 11644 | Lair:1   | Received a gift from Trog
 11841 | Lair:1   | Reached skill level 13 in Stealth
 11951 | Lair:1   | Reached skill level 1 in Crossbows
 12008 | Lair:1   | Reached XP level 13. HP: 84/84 MP: 13/13
 12197 | D:11     | Bought the ring of Shadows {Umbra +Inv Stlth+} for 480 gold
                  | pieces
 12197 | D:11     | Found the ring of Shadows {Umbra +Inv Stlth+}
 12219 | Lair:2   | Noticed a catoblepas
 12222 | Lair:2   | Killed a catoblepas
 12222 | Lair:2   | Reached skill level 1 in Throwing
 12232 | Lair:2   | Noticed a six-headed hydra
 12241 | Lair:2   | Killed a six-headed hydra
 12390 | Lair:2   | Noticed a seven-headed hydra
 12399 | Lair:2   | Killed a seven-headed hydra
 12818 | Lair:2   | Noticed a catoblepas
 12822 | Lair:2   | Killed a catoblepas
 12830 | Lair:2   | Identified a scroll of acquirement
 12832 | Lair:2   | Acquired a manual of Fighting
 12928 | Lair:3   | Reached skill level 10 in Evocations
 13182 | Lair:3   | Found a staircase to the Swamp.
 13183 | Lair:3   | Found a runed translucent gate.
 13184 | Lair:3   | Found a runed translucent gate.
 13184 | Lair:3   | Noticed Riny's ghost (journeyman SpEn)
 13185 | Lair:3   | Found a runed translucent gate.
 13186 | Lair:3   | Noticed Foabaekk's ghost (journeyman GrMo)
 13187 | Lair:3   | Noticed Ruicvywi's ghost (journeyman OgTm)
 13187 | Lair:3   | Noticed Deed's ghost (journeyman MiFi)
 13647 | Lair:3   | Found a hole to the Spider Nest.
 13676 | Lair:3   | Noticed a seven-headed hydra
 13679 | Lair:3   | Killed a seven-headed hydra
 14282 | Lair:3   | Killed Deed's ghost
 14294 | Lair:3   | Killed Foabaekk's ghost
 14294 | Lair:3   | Reached XP level 14. HP: 90/90 MP: 10/14
 14306 | Lair:3   | Killed Ruicvywi's ghost
 14308 | Lair:3   | Killed Riny's ghost
 14312 | Lair:3   | Identified the Guide on the Entourage and Air
 14314 | Lair:3   | Got a distressingly furry leather armour
 14340 | Lair:3   | Identified the +3 leather armour of Kaupriaff {Regen+} (You
                  | found it on level 3 of the Lair of Beasts)
 14574 | Lair:4   | Found a shimmering altar of Xom.
 15946 | Lair:5   | Found a staircase to the Slime Pits.
 16171 | Lair:5   | Reached ****** piety under Trog
 16568 | Lair:5   | Received a gift from Trog
 16568 | Lair:5   | Reached skill level 14 in Stealth
 16572 | Lair:5   | Reached skill level 5 in Crossbows
 16899 | Lair:6   | Entered Level 6 of the Lair of Beasts
 16981 | Lair:6   | Noticed Rupert
 17021 | Lair:5   | Reached skill level 5 in Throwing
 17172 | Lair:6   | Killed Rupert
 17172 | Lair:6   | Reached XP level 15. HP: 98/98 MP: 12/15
 17318 | Lair:6   | Received a gift from Trog
 18112 | Lair:6   | Noticed Josephine
 18120 | Lair:6   | Killed Josephine
 18165 | Lair:6   | Reached skill level 15 in Stealth
 18657 | Orc:1    | Entered Level 1 of the Orcish Mines
 18781 | Orc:1    | Received a gift from Trog
 18909 | Orc:2    | Entered Level 2 of the Orcish Mines
 19225 | Orc:2    | Noticed a stone giant
 19229 | Orc:2    | Killed a stone giant
 19473 | Orc:1    | Found a bloodstained altar of Trog.
 19644 | Orc:2    | Received a gift from Trog
 19733 | Orc:2    | Found a staircase to the Elven Halls.
 20244 | Orc:2    | Found Tisereoc's Antique Weapon Shop.
 20265 | Orc:2    | Found an ancient bone altar of Kikubaaqudgha.
 20305 | Orc:2    | Found a roughly hewn altar of Beogh.
 20307 | Orc:2    | Found Gipnovue's Antique Weapon Boutique.
 20382 | Orc:2    | Found Ridiu's Magic Scroll Boutique.
 20410 | Orc:2    | Noticed Erolcha
 20415 | Orc:2    | Received a gift from Trog
 20421 | Orc:2    | Killed Erolcha
 20426 | Orc:2    | Got a smoking short sword {god gift}
 20430 | Orc:2    | Identified the +6 short sword "Ylirr" {vorpal, rN+ SInv}
                  | (Trog gifted it to you on level 2 of the Orcish Mines)
 20455 | Orc:2    | Found a radiant altar of Vehumet.
 20513 | Orc:2    | Found Ogah's Book Boutique.
 20718 | Orc:2    | Bought a scroll of vulnerability for 97 gold pieces
 20718 | Orc:2    | Bought a scroll of holy word for 97 gold pieces
 20718 | Orc:2    | Bought a scroll of enchant weapon for 97 gold pieces
 20980 | Spider:1 | Entered Level 1 of the Spider Nest
 21027 | Spider:1 | Reached XP level 16. HP: 79/107 MP: 12/16
 21382 | D:13     | You fall into a shaft and drop 2 floors!
 21382 | D:15     | Entered Level 15 of the Dungeon
 21538 | D:15     | Noticed a frost giant
 21723 | D:15     | Found Xoazaiq's Gadget Shop.
 21793 | D:15     | Reached skill level 15 in Fighting
 21793 | D:15     | Reached skill level 16 in Stealth
 22088 | D:15     | Acquired the +2 buckler of Videhyev {rF- rC++ Dex+5}
 22151 | D:15     | Found a staircase to the Depths.
 22202 | D:15     | Killed a frost giant
 22638 | D:15     | Received a gift from Trog
 23171 | D:14     | Found a gate to the Vaults.
 23173 | D:14     | Reached skill level 10 in Crossbows
 23676 | D:11     | Bought the ring of Gaurphuc {rN+ Slay+4} for 1070 gold
                  | pieces
 23810 | Spider:1 | Noticed Donald
 23842 | Spider:1 | Killed Donald
 23950 | Spider:1 | Noticed Louise
 24116 | Spider:1 | You fall into a shaft and drop 1 floor!
 24129 | Spider:2 | Reached XP level 17. HP: 115/115 MP: 17/17
 24163 | Spider:2 | Reached skill level 15 in Dodging
 24163 | Spider:2 | Reached skill level 17 in Stealth
 24681 | Spider:2 | Received a gift from Trog
 25454 | Spider:1 | Killed Louise
 26196 | Spider:4 | Entered Level 4 of the Spider Nest
 26717 | Spider:4 | Reached skill level 18 in Stealth
 26720 | Spider:4 | Received a gift from Trog
 26865 | Spider:4 | Reached XP level 18. HP: 124/124 MP: 18/18
 26900 | Spider:4 | Noticed Arachne
 26924 | Spider:4 | Killed Arachne
 27012 | Spider:4 | Reached skill level 10 in Shields
 27256 | Spider:4 | Got a gossamer rune of Zot
 27537 | Swamp:1  | Entered Level 1 of the Swamp
 27848 | Swamp:1  | Gained mutation: You are partially covered in icy blue
                  | scales. (AC +2) [potion of mutation]
 27848 | Swamp:1  | Gained mutation: Your magical capacity is low. (-10% MP)
                  | [potion of mutation]
 27848 | Swamp:1  | Gained mutation: You are frail. (-10% HP) [potion of
                  | mutation]
 27848 | Swamp:1  | Gained mutation: Your flesh is cold resistant. (rC+)
                  | [potion of mutation]
 28123 | Swamp:1  | Found a snail-covered altar of Cheibriados.
 28600 | Swamp:2  | Found a runed translucent door.
 28875 | Swamp:2  | Received a gift from Trog
 29126 | Swamp:2  | Noticed Demosthentine's ghost (adept FoFi)
 29162 | Swamp:2  | Killed Demosthentine's ghost
 29878 | Swamp:3  | Noticed Mara
 29892 | Swamp:3  | Noticed miscthings's illusion
 29922 | Swamp:3  | Killed Mara
 29922 | Swamp:3  | Reached skill level 19 in Stealth
 30040 | Swamp:4  | Entered Level 4 of the Swamp
 30084 | Swamp:4  | Reached XP level 19. HP: 117/117 MP: 17/17
 30810 | Swamp:4  | Noticed Roxanne
 30828 | Swamp:4  | Killed Roxanne
 30836 | Swamp:4  | Got a pair of bloodstained boots
 30848 | Swamp:4  | Identified the +1 pair of boots of the Kangaroo {Harm rPois
                  | rF+} (You found it on level 4 of the Swamp)
 30928 | Swamp:4  | Received a gift from Trog
 31023 | Swamp:4  | Reached skill level 5 in Armour
 31178 | Swamp:4  | Got a decaying rune of Zot
 31654 | Depths:1 | Entered Level 1 of the Depths
 31766 | Depths:1 | You fall into a shaft and drop 1 floor!
 31959 | Depths:2 | Found Cyiti's One-of-a-Kind Books.
 32018 | Depths:2 | Received a gift from Trog
 32202 | Depths:2 | Noticed a tentacled monstrosity
 32233 | Depths:2 | Killed a tentacled monstrosity
 32359 | Depths:2 | Found a gateway to a ziggurat.
 32757 | Depths:2 | Reached XP level 20. HP: 111/123 MP: 15/18
 33156 | Depths:2 | Found a gateway to Hell.
 33411 | Depths:1 | Noticed the Enchantress
 33434 | Depths:1 | Reached skill level 20 in Stealth
 33440 | Depths:1 | Noticed Margery
 33462 | Depths:1 | Killed the Enchantress
 33612 | Depths:1 | Killed Margery
 33755 | Depths:1 | Received a gift from Trog
 34290 | Depths:1 | Found Gyxul's Gadget Shop.
 34290 | Depths:1 | Found Xiprith's Gadget Shop.
 34291 | Depths:1 | Found Deunauz's Jewellery Emporium.
 34299 | Depths:1 | Bought a wand of paralysis (9) for 154 gold pieces
 34299 | Depths:1 | Bought a wand of acid (8) for 336 gold pieces
 34636 | Depths:3 | Found Zaeblu's Armour Emporium.
 34649 | Depths:3 | Bought a +1 helmet of see invisible for 198 gold pieces
 34890 | Depths:3 | Found an opulent altar of Gozag.
 35209 | Depths:3 | Received a gift from Trog
 35209 | Depths:3 | Reached XP level 21. HP: 129/129 MP: 15/19
 35210 | Depths:3 | Noticed an ancient lich
 35238 | Depths:3 | Reached skill level 21 in Stealth
 35475 | Depths:3 | Found a one-way gate leading to the halls of Pandemonium.
 36403 | Depths:3 | Killed an ancient lich
 36721 | Depths:4 | Found a one-way gate to the infinite horrors of the Abyss.
 36745 | Depths:4 | Received a gift from Trog
 37126 | Depths:4 | Noticed a caustic shrike
 37127 | Depths:4 | Noticed a golden dragon
 37362 | Depths:4 | Killed a caustic shrike
 37396 | Depths:4 | Killed a golden dragon
 37396 | Depths:4 | Reached skill level 22 in Stealth
 37789 | Depths:5 | Entered Level 5 of the Depths
 37867 | Depths:5 | Reached XP level 22. HP: 136/136 MP: 20/20
 38363 | Depths:5 | Received a gift from Trog
 38526 | Depths:5 | Noticed a juggernaut
 38528 | Depths:5 | Killed a juggernaut
 38532 | Depths:5 | Noticed a caustic shrike
 38536 | Depths:5 | Killed a caustic shrike
 38696 | Depths:5 | Found a gate to the Realm of Zot.
 38696 | Depths:5 | Noticed a golden dragon
 38696 | Depths:5 | Noticed a golden dragon
 38710 | Depths:5 | Killed a golden dragon
 38715 | Depths:5 | Killed a golden dragon
 39295 | Slime:1  | Entered Level 1 of the Pits of Slime
 39314 | Slime:1  | Reached skill level 23 in Stealth
 39421 | Slime:4  | Reached XP level 23. HP: 110/142 MP: 21/21
 39520 | Slime:5  | Entered Level 5 of the Pits of Slime
 39617 | Slime:5  | Noticed the Royal Jelly
 39618 | Slime:5  | Found a viscous altar of Jiyva.
 39621 | Slime:5  | Killed the Royal Jelly
 39621 | Slime:5  | Reached skill level 15 in Short Blades
 39630 | Slime:5  | Killed from afar by an acid blob

Illustrated notes

Levels and vault maps discovered:
D:1:      dpeg_arrival_line_fractal, layout_basic, minmay_split_cup_small
D:2:      layout_basic, fedhas_ov_isle_minmay, uniq_sigmund
D:3:      layout_basic, nicolae_gozag_seed_capital, minmay_fractal_squares_5,
          uniq_jessica
D:4:      layout_loops_ring
D:5:      layout_loops_ring, led_sif_book, serial_shops, shop
D:6:      minmay_clustersquares, layout_loops_cross,
          nicolae_ashenzari_panopticon, kennysheep_mini_moat,
          old_standard_altar, minmay_temple_entry_large_hall,
          kennysheep_flooded_box
D:7:      layout_basic, nicolae_overflow_hidden_temple
D:8:      layout_loops_corners, bloody_trog, marbit_many_paths, basic_altar,
          chequers_serial_rivers_small_a
D:9:      layout_cave_pods, xom_shifter_show
D:10:     layout_rooms, serial_shops, nicolae_shop_stone, uniq_maurice
D:11:     layout_loops_cross, lair_entry_dummy, serial_shops,
          nicolae_shop_stone, nicolae_shop_overgrown_old_shop, shop, shop,
          kennysheep_generic_room_13
D:12:     layout_irregular_city, erik_orc_2, serial_column_ruins,
          column_ruins_hut, column_ruins_grid_1, column_ruins_open_tiny,
          column_ruins_open_small, column_ruins_open_small, column_ruins_grid_3,
          column_ruins_open_tiny, grunt_ministairs_9, david_defended_altar_orc
D:13:     layout_loops_corners
D:14:     layout_basic, erik_vaults_1, nicolae_twisting_strands, minivault_22
D:15:     grunt_enter_depths_snipers, layout_basic, serial_park_paths
          [serial_park_minivault_5x5_8], serial_shops, nicolae_shop_waterfront,
          special_room [special_room_bee], hangedman_decor_riveting,
          minmay_fire_ice_demons
Temple:   nicolae_temple_figure_zero
Lair:1:   layout_regular_city, minivault_25, st_stairs_8, minivault_24
Lair:2:   layout_misc_corridors, grunt_megastairs_2
Lair:3:   layout_layer_cave, swamp_mist, spider_nest_entry_funnel_web,
          gammafunk_ghost_cemetery, grunt_megastairs_4, serial_bayou_shore_b
Lair:4:   wad_woods_stonehenge, layout_regular_city, lemuel_fruit_tree
Lair:5:   layout_cave_pods, dpeg_slime_entry_corner, minmay_lair_oklob_chamber
Lair:6:   minmay_lair_end_frog_pond, layout_regular_city, uniq_josephine,
          uniq_rupert
Swamp:1:  layout_basic_swamp, evilmike_swamp_ruin_house_5, swamp_pool2,
          lemuel_altar_in_water
Swamp:2:  layout_basic_swamp, ebering_ghost_inner_flame,
          evilmike_swamp_ruin_house_2
Swamp:3:  layout_basic_swamp, nicolae_swamp_treefoil,
          infiniplex_staircase_pool_2, uniq_mara
Swamp:4:  swamp_icy, layout_basic_swamp, uniq_roxanne
Spider:1: layout_spider_delve, uniq_louise, uniq_donald
Spider:2: layout_spider_delve, nicolae_spider_ant_collections,
          nicolae_spider_cling_ruins, nicolae_spider_cling_halls
Spider:3: layout_spider_delve, drop_trap
Spider:4: johnstein_spider_rune_arachne_lair, guppyfry_hornet_nest, uniq_arachne
Slime:1:  layout_caves, basic_altar
Slime:2:  layout_caves
Slime:3:  layout_caves, nicolae_slime_round_cave
Slime:4:  layout_caves, nicolae_slime_barrier,
          cheibrodos_slime_lost_civilization_4
Slime:5
Orc:1:    layout_caves, trog_butcher_becter
Orc:2:    kennysheep_orc_mage_school, layout_caves
Depths:1: layout_roguey, kennysheep_big_empty_room, grunt_metal_band,
          fountainhead, kennysheep_boxes, minmay_shop_grove,
          serial_bayou_shore_b, uniq_enchantress
Depths:2: minmay_thinvault, layout_gridlike, enter_ziggurat_b,
          minmay_hedge_maze, grunt_hell_entry_dis_mu,
          hangedman_abyss_or_decor_clamps, hangedman_decor_lopped,
          nicolae_rare_books
Depths:3: minmay_shrinking_squares, layout_gridlike, serial_shops,
          nicolae_shop_crystal, hell_entry, special_room [special_room_morgue],
          rand_demon_pan_entry_7, basic_altar, kennysheep_underground_church
Depths:4: hourglass_vault, layout_cave_pools, hell_entry, pan_entry,
          abyss_entry, serial_sigils_hangedman_writhe,
          infiniplex_staircase_spiral_double
Depths:5: grunt_twist_and_shout, layout_cave_pools,
          nicolae_abyss_entry_one_way_or_another, hell_entry, serial_rivers,
          chequers_serial_rivers_small_3, chequers_serial_rivers_small_b,
          chequers_serial_rivers_large_b, chequers_serial_rivers_micro_e,
          grunt_pan_entry_in_and_out, minmay_misc_feat_pillars,
          lightli_fourway_metalbox

Skill      XL: |  1  2  3  4  5  6  7  8  9 10 11 12 13 14 15 16 17 18 19 20 21 22 23 |
---------------+----------------------------------------------------------------------+-----
Short Blades   | 5 6 7 9 10 11 12 14 15 | 15.2
Stealth        | 3 4 7 10 11 13 14 15 16 18 19 20 22 23 | 23.2
Dodging        | 3 4 7 9 10 11 12 13 14 15 16 17 18 19 20 | 20.4
Fighting       | 4 5 6 8 9 11 13 14 16 17 18 19 20 | 20.8
Shields        | 2 5 7 9 11 | 11.7
Evocations     | 1 5 12 13 14 | 14.0
Crossbows      | 1 3 6 8 10 11 12 | 12.0
Throwing       | 2 5 |  5.0
Armour         | 3 6 8 |  8.0
Spellcasting   | |  0.4

Action                   |  1- 3 |  4- 6 |  7- 9 | 10-12 | 13-15 | 16-18 | 19-21 | 22-24 || total
-------------------------+-------+-------+-------+-------+-------+-------+-------+-------++-------
Melee: Short sword       |    86 |   108 |   348 |    81 |       |    27 |       |       ||   650
       Quick blade       |       |       |       |   506 |  1219 |  1509 |  1307 |   309 ||  4850
Throw: Throwing net      |       |       |       |       |       |       |     1 |       ||     1
Invok: Berserk           |     3 |     3 |     8 |     3 |    12 |    10 |     8 |     1 ||    48
       Brothers in Arms  |       |       |       |       |     2 |     1 |     2 |     2 ||     7
       Trog's Hand       |       |       |       |       |       |     2 |     1 |     2 ||     5
 Abil: Evoke Invisibilit |       |       |       |       |     4 |     5 |     8 |     1 ||    18
Evoke: Wand              |       |       |       |     4 |     4 |    15 |     4 |     2 ||    29
       Condenser vane    |       |       |       |       |     1 |       |     1 |       ||     2
       Box of beasts     |       |       |       |       |       |       |       |     1 ||     1
  Use: Scroll            |     2 |     4 |    12 |    15 |    11 |     5 |     6 |     3 ||    58
       Potion            |       |       |       |       |       |     6 |     2 |     1 ||     9
 Stab: Sleeping          |     8 |     7 |    36 |    40 |    88 |   117 |    83 |    44 ||   423
       Distracted        |       |     1 |       |     9 |     8 |     7 |    11 |     2 ||    38
       Invisible         |       |       |       |       |    10 |    18 |    17 |     5 ||    50
       Paralysed         |       |       |       |       |     1 |       |       |       ||     1
       Confused          |       |       |       |       |       |       |     1 |       ||     1
       Held in net/web   |       |       |       |       |       |       |     1 |       ||     1
Armor: Animal skin       |    11 |     7 |    40 |    32 |       |       |       |       ||    90
       Troll leather arm |       |       |       |     3 |     6 |       |       |       ||     9
       Leather armour    |       |       |       |       |    62 |    85 |    35 |       ||   182
       Acid dragon scale |       |       |       |       |       |       |    39 |    27 ||    66
Dodge: Dodged            |    52 |    63 |   194 |   204 |   560 |   730 |   549 |   161 ||  2513
Block: Buckler           |       |       |       |    50 |   177 |   337 |   299 |    68 ||   931
       Reflection        |       |       |       |       |       |       |       |     1 ||     1

Table legend: (Time is in decaauts)
 A = Elapsed time spent in this place.
 B = Non-inter-level travel time spent in this place.
 C = Inter-level travel time spent in this place.
 D = Time resting spent in this place.
 E = Time spent auto-exploring this place.
 F = Levels seen in this place.
 G = Mean time per level.
                   A        B        C        D        E       F      G
               +--------+--------+--------+--------+--------+-----+--------+
         Total |  36883 |  33794 |   3089 |   2774 |  22970 |  42 |  878.2 |
       Dungeon |  13478 |  12378 |   1100 |    660 |   9208 |  15 |  898.5 |
        Temple |    121 |    114 |      7 |      0 |    112 |   1 |  121.0 |
          Lair |   7333 |   6595 |    738 |    299 |   5133 |   6 | 1222.2 |
         Swamp |   3784 |   3527 |    257 |    142 |   2341 |   4 |  946.0 |
   Spider Nest |   3315 |   3023 |    292 |    364 |   1695 |   4 |  828.8 |
    Slime Pits |    262 |    262 |      0 |    133 |      0 |   5 |   52.4 |
  Orcish Mines |   1884 |   1575 |    309 |     84 |   1030 |   2 |  942.0 |
        Depths |   6701 |   6316 |    385 |   1090 |   3449 |   5 | 1340.2 |
               +--------+--------+--------+--------+--------+-----+--------+

Top non-repeatable levels by time:
Depths:2: 1808 daAuts
  Lair:3: 1645 daAuts
  Lair:5: 1447 daAuts
Depths:3: 1424 daAuts
   Orc:2: 1305 daAuts
  Lair:6: 1271 daAuts
 Swamp:4: 1236 daAuts
Depths:1: 1234 daAuts
    D:15: 1224 daAuts
Depths:4: 1219 daAuts
     D:8: 1203 daAuts
Spider:2: 1151 daAuts
     D:2: 1137 daAuts
    D:12: 1133 daAuts
  Lair:4: 1109 daAuts
